 Dungeon Crawl Stone Soup version 0.31-a0-237-g2d982f9f85 (webtiles) character file.

Game seed: 16671265704729494560

7214 vineage the Fighter (level 11, 0/76 HPs)
             Began as a Gargoyle Fighter on July 11, 2023.
             Was a Believer of Okawaru.
             Slain by a wight
             ... wielding a +0 war axe
              (9 damage)
             ... on level 9 of the Dungeon.
             The game lasted 00:11:34 (10324 turns).

vineage the Fighter (Gargoyle Fighter)             Turns: 10324, Time: 00:11:36

Health: 0/76       AC: 18    Str: 22    XL:     11   Next: 11%
Magic:  13/13      EV:  9    Int:  9    God:    Okawaru [**....]
Gold:   494        SH: 11    Dex: 11    Spells: 10/10 levels left

rFire   . . .        n - +1 flail (drain)
rCold   . . .        c - +1 buckler
rNeg    + + .        b - +0 scale mail
rPois   ∞            (no helmet)
rElec   +            (no cloak)
rCorr   .            A - +0 pair of gloves
SInv    .            x - +0 pair of boots
Will    .....        q - amulet "Hiqeuwo" {Reflect rN+ SH+5} Stlth
                     (no ring)
HPRegen 0.32/turn    (no ring)
MPRegen 0.13/turn

%: reflection
@: about to teleport, slowed, very slow
A: sickness immunity, AC +8, negative energy resistance 1, electricity
resistance, torment resistance 1, petrification resistance
a: Renounce Religion, Heroism


You were on level 9 of the Dungeon.
You worshipped Okawaru.
Okawaru was pleased with you.
You visited 2 branches of the dungeon, and saw 10 of its levels.

You collected 494 gold pieces.

Inventory:

Hand Weapons
 a - a +0 vampiric flail
 n - a +1 flail of draining (weapon)
Armour
 b - a +0 scale mail (worn)
 c - a +1 buckler (worn)
 x - a +0 pair of boots (worn)
 A - a +0 pair of gloves (worn)
Jewellery
 q - the amulet "Hiqeuwo" (around neck) {Reflect rN+ SH+5}
   (You acquired it on level 6 of the Dungeon)

   [amulet of reflection]

   It reflects blocked missile attacks.
   rN:        It protects you from negative energy.
   SH:        It affects your SH (+5).
 r - a ring of wizardry
Wands
 s - a wand of digging (6)
 t - a wand of mindburst (33)
 u - a wand of acid (4)
 w - a wand of paralysis (8)
 y - a wand of roots (7)
Scrolls
 e - a scroll of amnesia
 z - 2 scrolls of fog
Potions
 d - 3 potions of magic
 f - a potion of haste
 g - 2 potions of lignification {unknown}
 h - 3 potions of enlightenment {unknown}
 i - 2 potions of degeneration {unknown}
 j - 2 potions of curing
 k - a potion of mutation {unknown}
 l - 3 potions of ambrosia {unknown}
 m - 3 potions of brilliance {unknown}
 p - a potion of resistance {unknown}
 v - a potion of heal wounds


   Skills:
 + Level 11.7 Fighting
 * Level 9.3 Maces & Flails
 + Level 7.8 Armour
 + Level 7.7 Shields
 * Level 3.9 Invocations


You had 10 spell levels left.
You didn't know any spells.
Your spell library contained the following spells:

 Spells                   Type           Power      Damage    Failure   Level
 Magic Dart               Conj           0%         1d3       75%         1
 Sandblast                Erth           0%         2d4       75%         1
 Blink                    Tloc           0%         N/A       86%         2
 Lesser Beckoning         Tloc           0%         N/A       86%         2
 Momentum Strike          Conj/Tloc      0%         3d8       86%         2
 Passwall                 Tmut/Erth      0%         N/A       86%         2
 Poisonous Vapours        Pois/Air       0%         N/A       86%         2
 Mephitic Cloud           Conj/Pois/Air  0%         N/A       98%         3
 Stone Arrow              Conj/Erth      0%         3d7       98%         3
 Cause Fear               Hex            0%         N/A       100%        4
 Petrify                  Tmut/Erth      0%         N/A       100%        4
 Freezing Cloud           Conj/Ice/Air   0%         6-21      100%        5
 Irradiate                Conj/Tmut      0%         3d11      100%        5
 Dragon Form              Tmut           0%         N/A       100%        7
 Call Imp                 Summ           Unusable   N/A       N/A         2
 Sublimation of Blood     Necr           Unusable   N/A       N/A         2
 Dragon's Call            Summ           Unusable   N/A       N/A         9

Dungeon Overview and Level Annotations

Branches:
Dungeon (9/15)             Temple (1/1) D:5            Lair (0/5) D:9
    Orc: D:9-12

Altars:
Ashenzari
Cheibriados
Dithmenos
Elyvilon
Fedhas
Gozag
Hepliaklqana
Kikubaaqudgha
Makhleb
Okawaru
Qazlal
Ru
Sif Muna
Trog
Vehumet
Wu Jian
Xom
Yredelemnul
Zin
The Shining One

Shops:
D:1 [   D:5 (


Innate Abilities, Weirdness & Mutations

You are immune to sickness and miasma.
Your stone body is resilient. (AC +8)
You are immune to poison.
You resist negative energy. (rN+)
You are resistant to electric shocks. (rElec)
You are resistant to unholy torment.
You are immune to petrification.


Message History

The wraith is almost destroyed.
You block the kobold's attack. The wight hits you but does no damage.
The wraith closely misses you. The wight hits you but does no damage.
The kobold hits you but does no damage. You block the wight's attack.
You closely miss the wraith.
The wraith is almost destroyed.
The kobold hits you but does no damage. You block the wight's attack.
You block the wraith's attack. The kobold barely misses you.
The wight closely misses you. x2
You closely miss the wraith.
The wraith is almost destroyed.
The kobold barely misses you. You block the wight's attack.
The wraith hits you. The wraith drains your vigour!
You feel yourself slow down. You block the wight's attack.
The kobold hits you with a +4 whip of venom.
The wight barely misses you. The wight attacks as you move away!
You block the wight's attack.
The wight hits you from afar with a +0 spear.
The kobold hits you with a +0 short sword.
You block the wraith's attack. The wight closely misses you.
The wraith attacks as you move away! The wraith hits you!
* * * LOW HITPOINT WARNING * * *
The kobold attacks as you move away!
The kobold hits you with a +0 short sword.
* * * LOW HITPOINT WARNING * * *
The kobold attacks as you move away! The kobold hits you but does no damage.
The kobold throws a stone.
The stone hits you but does no damage.
As you read the scroll of teleportation, it crumbles to dust.
You feel strangely unstable. The wraith hits you.
* * * LOW HITPOINT WARNING * * *
The kobold hits you but does no damage.
The kobold hits you with a +0 short sword.
* * * LOW HITPOINT WARNING * * *
The wight hits you but does no damage. You block the kobold's attack.
The wraith hits you!
* * * LOW HITPOINT WARNING * * *
The wraith drains your vigour!
You feel as though you will be slow longer.
The wight hits you with a +0 war axe!
You die...

#... ...... #....
.....
#....#####..#####
..^.............#
...)............#
......).........#
.......zzz......#
#######.WKz.....#
..#KK@......#
..#.....#####
............#
####.........#
#.........#
#.........#
#.........#
..#.........#....#....
..#....)#####....#....


You could see a wraith, a kobold brigand, 4 wights and 2 kobolds.

Vanquished Creatures
  A two-headed ogre (D:8)
  3 death yaks
  The ghost of kae the Changer, an amateur OpTm (D:5)
  Sigmund (D:3)
  A wyvern (D:7)
  7 yaks (D:8)
  2 ice beasts
  4 black bears
  2 ogres
  5 centaurs
  3 phantoms
  3 bullfrogs
  2 kobold brigands
  4 scorpions (D:5)
  2 gnoll sergeants (D:8)
  10 killer bees
  2 jellies (D:7)
  5 hounds
  4 orc priests
  Jessica (D:3)
  4 iguanas
  6 orc wizards
  A sleepcap (D:5)
  17 gnolls
  9 adders
  A river rat (D:9)
  A white imp (D:5)
  3 ufetubi
  3 worms
  3 dart slugs
  14 orcs
  2 ball pythons (D:1)
  4 endoplasms
  3 giant cockroaches
  9 goblins
  8 hobgoblins
  7 jackals
  20 kobolds
  5 quokkas
  5 bats
  2 frilled lizards
  4 rats
194 creatures vanquished.

Vanquished Creatures (others)
  A quokka (D:7)
1 creature vanquished.

Grand Total: 195 creatures vanquished

Notes
Turn   | Place    | Note
-------+----------+-------------------------------------------
     0 | D:1      | vineage the Gargoyle Fighter began the quest for the Orb.
     0 | D:1      | Reached XP level 1. HP: 14/14 MP: 1/1
    87 | D:1      | Reached XP level 2. HP: 9/20 MP: 2/2
    91 | D:1      | Reached skill level 4 in Fighting
   280 | D:1      | Reached XP level 3. HP: 12/24 MP: 3/3
   684 | D:1      | Found Lejyhugo's Antique Armour Shoppe.
   926 | D:2      | Found a faded altar of an unknown god.
   931 | D:2      | Reached skill level 5 in Fighting
  1290 | D:2      | Reached XP level 4. HP: 31/31 MP: 4/4
  1672 | D:3      | Reached skill level 6 in Fighting
  1675 | D:3      | Reached XP level 5. HP: 9/36 MP: 5/5
  2199 | D:3      | Noticed Sigmund
  2207 | D:3      | Killed Sigmund
  2208 | D:3      | Reached skill level 7 in Fighting
  2208 | D:3      | Reached XP level 6. HP: 40/44 MP: 6/6
  2239 | D:3      | Noticed Jessica
  2244 | D:3      | Killed Jessica
  2571 | D:4      | Reached skill level 8 in Fighting
  3160 | D:4      | Reached XP level 7. HP: 37/50 MP: 7/7
  3468 | D:4      | Found a glowing silver altar of Zin.
  3756 | D:4      | Reached skill level 9 in Fighting
  4000 | D:4      | Found a shimmering blue altar of Sif Muna.
  4346 | D:4      | Identified the +5 spear of the Blessed Realm {flame, rPois
                  | Will- Str-3 Dex+7}
  4479 | D:5      | Entered Level 5 of the Dungeon
  4582 | D:5      | Reached XP level 8. HP: 55/56 MP: 8/8
  4646 | D:5      | Found a staircase to the Ecumenical Temple.
  4671 | Temple   | Entered the Ecumenical Temple
  5285 | D:5      | Found Cego's Weapon Emporium.
  5615 | D:5      | Reached skill level 10 in Fighting
  5664 | D:5      | Found a runed translucent door.
  5665 | D:5      | Noticed kae's ghost (amateur OpTm)
  5779 | D:5      | Killed kae's ghost
  5780 | D:5      | Reached skill level 5 in Maces & Flails
  5780 | D:5      | Reached skill level 5 in Armour
  5780 | D:5      | Reached skill level 5 in Shields
  5780 | D:5      | Reached XP level 9. HP: 36/62 MP: 9/9
  6313 | D:6      | Identified a scroll of acquirement
  6313 | D:6      | Acquired the amulet "Hiqeuwo" {Reflect rN+ SH+5}
  6690 | D:7      | Found a white marble altar of Elyvilon.
  8085 | D:8      | Noticed a two-headed ogre
  8094 | D:8      | Killed a two-headed ogre
  8095 | D:8      | Reached skill level 11 in Fighting
  8095 | D:8      | Reached XP level 10. HP: 61/69 MP: 10/10
  8162 | D:8      | Found a hide-covered altar of Uskayaw.
  8164 | D:8      | Found a basalt altar of Yredelemnul.
  8164 | D:8      | Found a shimmering altar of Xom.
  8166 | D:8      | Found a glowing silver altar of Zin.
  8166 | D:8      | Found a shimmering altar of Xom.
  8166 | D:8      | Found a radiant altar of Vehumet.
  8305 | D:8      | Found a snail-covered altar of Cheibriados.
  8431 | D:8      | Found a glowing golden altar of the Shining One.
  8718 | D:8      | Found a burning altar of Makhleb.
  8719 | D:8      | Found a shadowy altar of Dithmenos.
  8719 | D:8      | Found an iron altar of Okawaru.
  8734 | D:8      | Became a worshipper of Warmaster Okawaru
  9334 | D:8      | Reached skill level 1 in Invocations
  9410 | D:9      | Found a staircase to the Lair.
  9436 | D:9      | Noticed a death yak
  9437 | D:9      | Noticed a death yak
  9437 | D:9      | Noticed a death yak
  9797 | D:8      | Killed a death yak
  9797 | D:8      | Reached * piety under Okawaru
  9805 | D:8      | Killed a death yak
  9805 | D:8      | Reached ** piety under Okawaru
  9927 | D:9      | Killed a death yak
  9928 | D:9      | Reached XP level 11. HP: 43/75 MP: 13/13
 10324 | D:9      | Slain by a wight

Illustrated notes

Levels and vault maps discovered:
D:1:      dpeg_arrival_yet_another_circle, layout_basic, serial_shops, shop,
          dk_noncrumbling_2
D:2:      layout_basic, hellmonk_ecumenical_altar_inner_sanctum
D:3:      layout_basic, minmay_box_of_dots, uniq_jessica, uniq_sigmund
D:4:      layout_layer_cave, zin_academy, lemuel_coloured_pillars_altar
D:5:      layout_loops_ring, minmay_temple_entry_poolview, serial_shops,
          nicolae_square_shop, gammafunk_ghost_grave
D:6:      layout_rooms
D:7:      layout_basic, elyvilon_altar_4, nicolae_ossuary_entry_monument
D:8:      layout_basic, mainiacjoe_overflow_alcove_1,
          mainiacjoe_overflow_catwalk,
          chequers_temple_overflow_statue_of_worship, doesnt_xom_only_xom
D:9:      layout_grid_maze, mainiacjoe_overflow_24_doors, dpeg_lair_monsters,
          st_stairs_6
Temple:   hellmonk_temple_micro_hex

Skill      XL: |  1  2  3  4  5  6  7  8  9 10 |
---------------+-------------------------------+-----
Fighting       | 4 5 6 7 8 9 10 11 | 11.7
Maces & Flails | 3 5 7 9 |  9.3
Shields        | 5 6 7 |  7.7
Armour         | 5 6 7 |  7.8
Invocations    | 3 |  3.9

Action                     |  1- 3 |  4- 6 |  7- 9 | 10-12 || total
---------------------------+-------+-------+-------+-------++-------
  Melee: Flail             |   147 |   120 |   366 |   231 ||   864
    Use: Scroll            |     3 |     8 |     5 |     3 ||    19
         Potion            |       |     4 |     3 |     2 ||     9
 Armour: Scale mail        |   113 |    85 |   190 |   146 ||   534
  Dodge: Dodged            |    93 |    72 |   154 |    95 ||   414
  Block: Buckler           |    39 |    43 |   127 |   180 ||   389
         Reflection        |       |       |     4 |     9 ||    13

Table legend: (Time is in decaauts)
 A = Elapsed time spent in this place.
 B = Non-inter-level travel time spent in this place.
 C = Inter-level travel time spent in this place.
 D = Time resting spent in this place.
 E = Time spent auto-exploring this place.
 F = Levels seen in this place.
 G = Mean time per level.
                   A        B        C        D        E       F      G
               +--------+--------+--------+--------+--------+-----+--------+
         Total |  10462 |  10030 |    432 |   1320 |   6855 |  10 | 1046.2 |
       Dungeon |  10460 |  10028 |    432 |   1320 |   6855 |   9 | 1162.2 |
        Temple |      1 |      1 |      0 |      0 |      0 |   1 |    1.0 |
               +--------+--------+--------+--------+--------+-----+--------+

Top non-repeatable levels by time:
     D:4: 1997 daAuts
     D:8: 1724 daAuts
     D:7: 1608 daAuts
     D:3: 1349 daAuts
     D:5: 1099 daAuts
     D:1: 949 daAuts
     D:9: 645 daAuts
     D:2: 614 daAuts
     D:6: 472 daAuts
  Temple: 1 daAuts
